[Event "Titled Tuesday Blitz December 06 Early 2022"]
[White "D`Arruda, Ricardo D."]
[Black "De Souza, Cristiano Gomes"]
[WhiteFideId "100692"]
[BlackFideId "2151758"]
[WhiteElo "2456"]
[BlackElo "2068"]
[Result "0-1"]
[Round "06"]
[TimeControl "180+1"]
[Date "2022.12.07"]
[WhiteClock "0:01:41"]
[BlackClock "0:01:36"]

1. d4 Nf6 2. Nf3 g6 3. Nc3 d6 4. e4 c6 5. Bg5 h6 6. Bh4 g5 7. Bg3 Nh5 8. Qd2 Bg7 9. O-O-O b5 10. a3 a5 11. Bd3 b4 12. Nb1 Qb6 13. e5 Nxg3 14. hxg3 Be6 15. Nxg5 hxg5 16. Qxg5 Rxh1 17. Rxh1 Bf8 18. Rh8 Nd7 19. exd6 exd6 20. Qf4 O-O-O 21. axb4 axb4 22. Nd2 d5 23. Nb3 c5 24. dxc5 Nxc5 25. Nxc5 Bxc5 26. Rxd8+ Kxd8 27. Qg5+ Kd7 28. f4 b3 29. Qe5 bxc2 30. Kxc2 Bd4 0-1


[Site "https://www.chess.com"]

[Event "Titled Tuesday Blitz December 06 Early 2022"]
[White "Daneshvar, Bardiya"]
[Black "tufferguy"]
[WhiteFideId "12576468"]
[WhiteElo "2429"]
[BlackElo "2641"]
[Result "0-1"]
[Round "06"]
[TimeControl "180+1"]
[Date "2022.12.06"]
[WhiteClock "0:00:51"]
[BlackClock "0:00:09"]

1. b3 e5 2. Bb2 Nc6 3. e3 Nf6 4. Bb5 e4 5. Ne2 Nb8 6. Ng3 c6 7. Be2 d5 8. d3 exd3 9. cxd3 Bb4+ 10. Nd2 O-O 11. a3 Bd6 12. O-O Re8 13. e4 Bf4 14. Nf3 Bg4 15. h3 Bxf3 16. Bxf3 Bxg3 17. fxg3 dxe4 18. dxe4 Nbd7 19. g4 Ne5 20. g5 Qxd1 21. Raxd1 Nfd7 22. Bh5 Rad8 23. Bd4 b6 24. Bf2 g6 25. Be2 Nf8 26. Be3 Ne6 27. Kf2 Rxd1 28. Rxd1 Rd8 29. Rxd8+ Nxd8 30. Bd4 Nd7 31. h4 Ne6 32. Ke3 Nxd4 33. Kxd4 Kf8 34. b4 Ke7 35. e5 c5+ 36. Kd5 cxb4 37. axb4 a5 38. bxa5 bxa5 39. Kd4 Nf8 40. g3 Ne6+ 41. Kc4 Ng7 42. g4 Ke6 43. Kd4 Ke7 44. Kc5 Ne6+ 45. Kc4 Nf4 46. Bd1 Ke6 47. Kd4 Ng2 48. h5 Nf4 49. Bb3+ Ke7 50. hxg6 hxg6 51. Kc5 Ne6+ 52. Kb5 Nd4+ 53. Ka4 Nxb3 54. Kxb3 Ke6 0-1


[Site "https://www.chess.com"]

[Event "Titled Tuesday Blitz December 06 Early 2022"]
[White "Danielyan, Vahe"]
[Black "Molina, Roberto Junio Brito"]
[WhiteFideId "13304828"]
[BlackFideId "2109450"]
[WhiteElo "2423"]
[BlackElo "2376"]
[Result "1-0"]
[Round "06"]
[TimeControl "180+1"]
[Date "2022.12.07"]
[WhiteClock "0:01:11"]
[BlackClock "0:00:46"]

1. e4 c6 2. d4 d5 3. exd5 cxd5 4. Bd3 Nc6 5. c3 g6 6. Bf4 Bf5 7. Nf3 Bg7 8. O-O Nf6 9. Bxf5 gxf5 10. Ne5 e6 11. Nxc6 bxc6 12. a4 a5 13. Nd2 O-O 14. Nb3 Nd7 15. Re1 Re8 16. Re3 Nf8 17. Rh3 Ng6 18. Bd2 Qf6 19. Nc5 Ra7 20. Qh5 Nf8 21. Re1 Qg6 22. Qd1 Kh8 23. Ree3 f4 24. Re1 e5 25. dxe5 Rxe5 26. Bxf4 Rf5 27. Be3 Re7 28. Rg3 Qd6 29. Qg4 Qf6 30. Rd1 Ne6 31. Nxe6 fxe6 32. Bg5 Rxg5 33. Qxg5 Qxg5 34. Rxg5 e5 35. Re1 Kg8 36. Rg3 Kf7 37. Re2 e4 38. f3 e3 39. f4 d4 40. cxd4 Bxd4 41. Rf3 Rb7 42. g4 Ke6 43. Kg2 Kd5 44. f5 Ke4 45. g5 Kd3 46. Ref2 c5 47. f6 Rf7 48. b3 Kc3 49. h4 Kxb3 50. h5 Kxa4 51. Re2 c4 52. Rf4 Rd7 53. g6 hxg6 54. hxg6 Kb3 55. Rxd4 Rxd4 56. f7 Rf4 57. g7 Rxf7 58. g8=Q 1-0


[Site "https://www.chess.com"]

[Event "Titled Tuesday Blitz December 06 Early 2022"]
[White "Darini, Pouria"]
[Black "Grandelius, Nils"]
[WhiteFideId "12502200"]
[BlackFideId "1710400"]
[WhiteElo "2482"]
[BlackElo "2617"]
[Result "1-0"]
[Round "06"]
[TimeControl "180+1"]
[Date "2022.12.06"]
[WhiteClock "0:00:32"]
[BlackClock "0:01:01"]

1. d4 f5 2. Bg5 g6 3. e3 Bg7 4. Nc3 Nf6 5. Bc4 d5 6. Bxf6 Bxf6 7. Nxd5 Bg7 8. Nf3 Nc6 9. Nf4 Qd6 10. c3 Bd7 11. Ng5 e5 12. Nf7 Qf8 13. Ne6 Bxe6 14. Bxe6 Qe7 15. Nxh8 exd4 16. Bd5 O-O-O 17. Bxc6 dxe3 18. Bxb7+ Kb8 19. Qb3 exf2+ 20. Kf1 1-0


[Site "https://www.chess.com"]

[Event "Titled Tuesday Blitz December 06 Early 2022"]
[White "Devaev, Alexander"]
[Black "Weetik, Vjacheslav"]
[WhiteFideId "4169395"]
[BlackFideId "4153472"]
[WhiteElo "2225"]
[BlackElo "2469"]
[Result "0-1"]
[Round "06"]
[TimeControl "180+1"]
[Date "2022.12.07"]
[WhiteClock "0:00:01"]
[BlackClock "0:00:06"]

1. Nf3 Nf6 2. c4 e6 3. Nc3 d5 4. cxd5 exd5 5. d4 c6 6. Bg5 Bf5 7. e3 Nbd7 8. Nh4 Be6 9. Nf3 Bd6 10. Bd3 Nf8 11. Bh4 Ng6 12. Bg3 O-O 13. Qc2 Re8 14. O-O a5 15. Ne5 Nh5 16. Nxg6 Nxg3 17. hxg3 hxg6 18. Ne2 Bd7 19. Rab1 Qg5 20. Nc3 f5 21. Ne2 Kf7 22. f4 Qe7 23. Rf3 Rh8 24. Rbf1 Rae8 25. g4 Qh4 26. gxf5 Qh2+ 27. Kf2 g5 28. fxg5 Qh4+ 29. g3 Qxg5 30. f6 Rh2+ 31. Ke1 g6 32. Kd1 Rxe3 33. Qd2 Rxd3 34. Qxd3 Bf5 35. Rxf5 gxf5 36. Rxf5 Qg6 37. g4 Rh1+ 38. Kc2 Rh2 39. Kb3 Qxg4 40. Rf3 Qe4 41. Nc3 Qxd3 42. Rxd3 Kxf6 43. Rf3+ Ke7 0-1


[Site "https://www.chess.com"]

[Event "Titled Tuesday Blitz December 06 Early 2022"]
[White "Donskov, Anatoly"]
[Black "Moksh Amit Doshi"]
[WhiteFideId "24143413"]
[BlackFideId "25064967"]
[WhiteElo "2219"]
[BlackElo "2297"]
[Result "0-1"]
[Round "06"]
[TimeControl "180+1"]
[Date "2022.12.07"]
[WhiteClock "0:00:03"]
[BlackClock "0:00:14"]

1. e4 c5 2. Nf3 d6 3. d4 cxd4 4. Nxd4 Nf6 5. Nc3 a6 6. f4 e5 7. Nf3 Nbd7 8. a4 Be7 9. Bd3 O-O 10. O-O Qc7 11. Kh1 Nc5 12. Qe2 Re8 13. fxe5 dxe5 14. Bg5 Be6 15. Nh4 Rad8 16. Nf5 Bxf5 17. Rxf5 Nxd3 18. cxd3 Qd6 19. Bxf6 Bxf6 20. Nd5 Be7 21. Raf1 f6 22. Qg4 Qe6 23. Nc7 Qb3 24. Nxe8 Rxe8 25. R5f3 Qxa4 26. Qe6+ Kh8 27. h3 Bc5 28. Qf7 Qb5 29. Rg3 Rg8 30. Rxf6 Qxb2 31. Rf1 a5 32. Qc7 b6 33. Rg5 a4 34. Rxe5 a3 35. d4 Qxd4 36. Rd5 Qxe4 37. Rd7 Qe2 38. Rdf7 a2 39. Qa7 h6 40. Qa4 Qb2 41. Qe4 Bd4 42. Rxg7 Bxg7 43. Qg6 a1=Q 44. Rxa1 Qxa1+ 45. Kh2 Qe5+ 46. g3 Rd8 0-1


[Site "https://www.chess.com"]

[Event "Titled Tuesday Blitz December 06 Early 2022"]
[White "Dushyant Sharma"]
[Black "Sargissyan, Sargis"]
[WhiteFideId "25065130"]
[BlackFideId "13303210"]
[WhiteElo "2280"]
[BlackElo "2109"]
[Result "1-0"]
[Round "06"]
[TimeControl "180+1"]
[Date "2022.12.07"]
[WhiteClock "0:01:33"]
[BlackClock "0:00:00"]

1. e4 e5 2. Nf3 Nc6 3. Nc3 Nf6 4. Bb5 Bb4 5. O-O O-O 6. d3 Bxc3 7. bxc3 d6 8. Bg5 h6 9. Bh4 Ne7 10. Bxf6 gxf6 11. Nh4 Ng6 12. Qh5 Kh7 13. Nf5 Bxf5 14. exf5 Nf4 15. Qh4 c6 16. Ba4 Rg8 17. g3 Ne2+ 18. Kh1 Nxc3 19. Bb3 d5 20. a4 a5 21. d4 e4 22. Rae1 b5 23. Re3 Nxa4 24. Bxa4 bxa4 25. f3 Qb6 26. Qxf6 Ra7 27. fxe4 dxe4 28. Rxe4 Qb5 29. Rfe1 Qd5 30. c4 Qd8 31. Qxc6 a3 32. Qc5 Rd7 33. d5 a2 34. Qa3 Qg5 35. Qxa2 Qxf5 36. R4e3 Ra8 37. Kg2 a4 38. Rf3 Qg6 39. Ref1 a3 40. c5 Qe4 41. d6 Kg7 42. Kg1 Qd4+ 43. R1f2 Qd1+ 44. Kg2 Raa7 45. c6 Rxd6 46. Rxf7+ Rxf7 47. Qxf7+ 1-0


[Site "https://www.chess.com"]

[Event "Titled Tuesday Blitz December 06 Early 2022"]
[White "Dzhaparov, Medet"]
[Black "Rose, Felix"]
[WhiteFideId "13803689"]
[BlackFideId "5105722"]
[WhiteElo "1702"]
[BlackElo "2039"]
[Result "1-0"]
[Round "06"]
[TimeControl "180+1"]
[Date "2022.12.07"]
[WhiteClock "0:00:04"]
[BlackClock "0:00:18"]

1. e4 c5 2. Nf3 e6 3. d4 cxd4 4. Nxd4 a6 5. Nc3 b5 6. a3 Bb7 7. Be3 Nc6 8. Be2 Qc7 9. O-O Bd6 10. h3 Bh2+ 11. Kh1 Bf4 12. Ndxb5 axb5 13. Nxb5 Qb8 14. Bxf4 Qxf4 15. Nd6+ Ke7 16. Nxb7 Nf6 17. Nc5 Qe5 18. b4 d6 19. Nb7 Nxe4 20. Bf3 d5 21. Bxe4 Qxe4 22. Nc5 Qc4 23. Qd2 Rhb8 24. Qg5+ Ke8 25. Qxg7 Rxa3 26. Rg1 Rxa1 27. Rxa1 Qxb4 28. Qg8+ Ke7 29. Qg5+ Kd6 30. Nd3 Qd4 31. Qg3+ e5 32. Re1 f6 33. Qg7 e4 34. Nf4 Qxf2 35. Qxf6+ Kc5 36. Ne6+ Kb6 37. Qxf2+ d4 38. Nxd4 e3 39. Qxe3 Re8 40. Ne6+ Kb7 41. Rb1+ Kc8 42. Qe4 Kd7 43. Rb7+ Kd6 44. Rb6 Rxe6 45. Rxc6+ Kd7 46. Qxe6+ 1-0


[Site "https://www.chess.com"]

[Event "Titled Tuesday Blitz December 06 Early 2022"]
[White "Farmani Anosheh, Armin"]
[Black "Gong, Qianyun"]
[WhiteFideId "24613240"]
[BlackFideId "8602425"]
[WhiteElo "2289"]
[BlackElo "2199"]
[Result "0-1"]
[Round "06"]
[TimeControl "180+1"]
[Date "2022.12.07"]
[WhiteClock "0:00:05"]
[BlackClock "0:00:41"]

1. e4 e6 2. d4 d5 3. Nd2 Be7 4. Ngf3 Nf6 5. e5 Nfd7 6. Bd3 c5 7. c3 Nc6 8. O-O O-O 9. Re1 f6 10. exf6 Nxf6 11. Ne5 cxd4 12. Nxc6 bxc6 13. cxd4 c5 14. Nf3 c4 15. Bc2 Bd6 16. Bg5 Qc7 17. Bh4 Bd7 18. Bg3 Bxg3 19. hxg3 Rae8 20. Ne5 Bb5 21. Qd2 Nd7 22. Nf3 Rf6 23. Ne5 Nxe5 24. Rxe5 Ref8 25. f4 Bd7 26. Qc3 Qb6 27. b4 cxb3 28. axb3 Rc8 29. Qd3 Rxc2 30. Rh5 g6 31. Qxc2 Qxd4+ 32. Kh2 Qxa1 33. Re5 Rf5 34. Qc7 Be8 35. Rxe6 Rh5# 0-1


[Site "https://www.chess.com"]

[Event "Titled Tuesday Blitz December 06 Early 2022"]
[White "Fecker, Noah"]
[Black "Lamaze, Simon"]
[WhiteFideId "1334263"]
[BlackFideId "36069264"]
[WhiteElo "2291"]
[BlackElo "2272"]
[Result "0-1"]
[Round "06"]
[TimeControl "180+1"]
[Date "2022.12.07"]
[WhiteClock "0:00:46"]
[BlackClock "0:01:15"]

1. d4 Nf6 2. Bf4 g6 3. Nc3 Bg7 4. e4 O-O 5. e5 Ne8 6. h4 d6 7. h5 dxe5 8. dxe5 Qxd1+ 9. Rxd1 Nc6 10. hxg6 hxg6 11. Nd5 Be6 12. c4 Bxd5 13. Rxd5 e6 14. Rd7 Nxe5 15. Bxe5 Bxe5 16. Nf3 Bxb2 17. Bd3 Bc3+ 18. Ke2 Bb4 19. Ng5 Bd6 20. Nh7 a5 21. Nxf8 Bxf8 22. Rd4 Bg7 23. Rd7 Be5 24. Rb1 Nf6 25. f4 Nxd7 26. fxe5 b6 27. Be4 Rd8 28. Rd1 Kf8 29. Ke3 Ke7 30. Kf4 Nc5 31. Rxd8 Kxd8 32. Bc2 Ke7 0-1


[Site "https://www.chess.com"]

[Event "Titled Tuesday Blitz December 06 Early 2022"]
[White "Fernandez Hernandez, Gerardo"]
[Black "Fiedorek, Michal"]
[WhiteFideId "2207400"]
[BlackFideId "1199528"]
[WhiteElo "2196"]
[BlackElo "2201"]
[Result "0-1"]
[Round "06"]
[TimeControl "180+1"]
[Date "2022.12.07"]
[WhiteClock "0:00:14"]
[BlackClock "0:01:11"]

1. e4 c5 2. d3 a6 3. g3 b5 4. Bg2 Bb7 5. a4 e6 6. axb5 axb5 7. Rxa8 Bxa8 8. Nf3 Nc6 9. O-O Nf6 10. Nbd2 Be7 11. b3 O-O 12. Bb2 d5 13. e5 Nd7 14. Qe2 Bb7 15. Ra1 Qc7 16. c4 bxc4 17. bxc4 d4 18. Ba3 Ra8 19. Nb3 Ncxe5 20. Nxe5 Nxe5 21. f4 Bxg2 22. Qxg2 Nc6 23. Bxc5 Rxa1+ 24. Nxa1 Bxc5 25. Nb3 Qb6 26. Nd2 f5 27. Nf3 Qb1+ 28. Qf1 Qxf1+ 29. Kxf1 Kf7 30. Ng5+ Ke7 31. Nxh7 e5 32. fxe5 Nxe5 33. Ke2 Nf7 34. Kf3 Ke6 35. h3 Ne5+ 36. Ke2 Be7 37. h4 Kf7 38. c5 Kg6 39. Ng5 Bxg5 40. c6 Bd8 0-1


[Site "https://www.chess.com"]

[Event "Titled Tuesday Blitz December 06 Early 2022"]
[White "Flis, Pawel"]
[Black "Rian, Kapriaga"]
[WhiteFideId "1112864"]
[BlackFideId "7103263"]
[WhiteElo "1817"]
[BlackElo "2306"]
[Result "1-0"]
[Round "06"]
[TimeControl "180+1"]
[Date "2022.12.07"]
[WhiteClock "0:00:25"]
[BlackClock "0:00:01"]

1. e4 c6 2. d4 d5 3. Nd2 dxe4 4. Nxe4 Nf6 5. Nxf6+ exf6 6. Bd3 Bd6 7. Qh5 g6 8. Qh6 Bf8 9. Qh4 Bg7 10. Bh6 O-O 11. Bxg7 Kxg7 12. O-O-O Be6 13. Kb1 Nd7 14. Ne2 Qa5 15. c4 b5 16. Nf4 Bxc4 17. Bxc4 bxc4 18. d5 Rab8 19. dxc6 Ne5 20. Nd5 Rfe8 21. Qxf6+ Kg8 22. c7 Rbc8 23. Ne7+ Rxe7 24. Qxe7 Rxc7 25. Rd8+ Kg7 26. Qf8+ Kf6 27. f4 Nd3 28. Qh8+ Kf5 29. g4+ Kxg4 30. Rg1+ Kh3 31. Qxh7+ Qh5 32. Qxh5+ gxh5 33. Rh8 1-0


[Site "https://www.chess.com"]

[Event "Titled Tuesday Blitz December 06 Early 2022"]
[White "Forgacs, Attila Jr."]
[Black "Laylo, Darwin"]
[WhiteFideId "773654"]
[BlackFideId "5201330"]
[WhiteElo "2168"]
[BlackElo "2335"]
[Result "0-1"]
[Round "06"]
[TimeControl "180+1"]
[Date "2022.12.07"]
[WhiteClock "0:00:16"]
[BlackClock "0:00:39"]

1. e4 d5 2. exd5 Qxd5 3. Nc3 Qd6 4. d4 Nf6 5. Nf3 a6 6. g3 Bg4 7. Bg2 e6 8. O-O Be7 9. h3 Bxf3 10. Bxf3 Nc6 11. Ne2 Rd8 12. c3 e5 13. Be3 exd4 14. Nxd4 Nxd4 15. Bxd4 c6 16. Bb6 Qxd1 17. Raxd1 Rxd1 18. Rxd1 Nd7 19. Bc7 Nc5 20. Re1 Ne6 21. Bb6 O-O 22. Bg4 Bd8 23. Bxd8 Rxd8 24. Bxe6 fxe6 25. Rxe6 Rd2 26. b3 Kf7 27. Re4 Rxa2 28. Kg2 Rc2 29. Rc4 Ke6 30. b4 Kd5 31. Rd4+ Ke5 32. Rc4 Rd2 33. Kf3 Kd5 34. Rc5+ Kd6 35. Ke3 Rd5 36. Rc4 a5 37. bxa5 Rxa5 38. Rg4 g6 39. Rb4 b5 40. Rh4 Ra7 41. Kd3 c5 42. Rf4 Re7 43. Rf6+ Kd5 44. Rb6 c4+ 45. Kd2 Kc5 46. Rb8 Rd7+ 47. Kc2 Rf7 48. Rc8+ Kd5 49. f4 Ke4 50. Rb8 Kf3 51. Rxb5 Kxg3 52. Rc5 Rxf4 53. Kd2 Kxh3 54. Ke3 Kg4 55. Rc7 h5 56. Rc6 g5 57. Rd6 h4 58. Rd1 h3 59. Rg1+ Kh4 60. Rh1 Rf8 61. Kd4 g4 62. Kxc4 g3 63. Kd3 g2 64. Rg1 Kg3 65. Ke2 h2 66. Rd1 h1=Q 67. Rd3+ Kh2 68. Rd4 Qf1+ 69. Kd2 Rf2+ 70. Ke3 Qe2# 0-1


[Site "https://www.chess.com"]

[Event "Titled Tuesday Blitz December 06 Early 2022"]
[White "Galchenko, Matvey"]
[Black "Firouzja, Alireza"]
[WhiteFideId "24175480"]
[BlackFideId "12573981"]
[WhiteElo "2404"]
[BlackElo "2904"]
[Result "0-1"]
[Round "06"]
[TimeControl "180+1"]
[Date "2022.12.06"]
[WhiteClock "0:00:02"]
[BlackClock "0:00:16"]

1. e4 e6 2. d4 d5 3. exd5 exd5 4. Nf3 Bd6 5. c4 Nf6 6. Nc3 O-O 7. Be2 dxc4 8. Bxc4 Re8+ 9. Be3 c6 10. O-O Be6 11. Bd3 Nbd7 12. h3 h6 13. Re1 Nb6 14. Ne5 Nbd5 15. Qf3 Nxc3 16. bxc3 Bd5 17. Qf5 Qc8 18. Qxc8 Raxc8 19. c4 Be6 20. f4 b5 21. d5 cxd5 22. cxb5 d4 23. Bxd4 Nh5 24. f5 Bd5 25. Nc6 Nf4 26. Bf1 Rxe1 27. Rxe1 Bxc6 28. bxc6 Rxc6 29. Bxa7 Rc2 30. a4 Ra2 31. Re8+ Kh7 32. Re4 Nh5 33. Bd3 Bg3 34. Bf1 Ra1 35. Bb6 Nf6 36. Re3 Bd6 37. Rd3 Bb4 38. Bd4 Rxa4 39. Bxf6 gxf6 40. Rd7 Kg7 41. Bb5 Bc5+ 42. Kh2 Rf4 43. Bd3 Bd4 44. g3 Rf2+ 45. Kh1 Be5 46. Bc4 h5 47. Rxf7+ Kh6 48. h4 Rf3 49. Rf8 Kg7 50. Rg8+ Kh7 51. Rg6 Rxf5 52. Rg8 Rf2 53. Bd5 Rd2 54. Be4+ Kxg8 0-1


[Site "https://www.chess.com"]

[Event "Titled Tuesday Blitz December 06 Early 2022"]
[White "Gheorghiu, Calin"]
[Black "Hoffmann, Asa"]
[WhiteFideId "1200305"]
[BlackFideId "2001470"]
[WhiteElo "2224"]
[BlackElo "2117"]
[Result "1-0"]
[Round "06"]
[TimeControl "180+1"]
[Date "2022.12.07"]
[WhiteClock "0:01:07"]
[BlackClock "0:00:37"]

1. c4 Nf6 2. Nc3 d6 3. d4 Bf5 4. g3 c6 5. Bg2 Nbd7 6. e4 Bg6 7. f4 e6 8. g4 h5 9. g5 Ng8 10. Nf3 h4 11. O-O Ne7 12. Qe1 h3 13. Bh1 Qb6 14. Rb1 O-O-O 15. Be3 d5 16. cxd5 cxd5 17. Ne5 Nxe5 18. dxe5 d4 19. Bf2 Nc6 20. f5 exf5 21. Nd5 Rxd5 22. exd5 Nb4 23. d6 Kb8 24. Qd2 Nc6 25. Rbc1 Rh5 26. Bf3 Nxe5 27. Bxd4 Nxf3+ 28. Rxf3 Rxg5+ 29. Kh1 Qxd6 30. Be5 1-0


[Site "https://www.chess.com"]

[Event "Titled Tuesday Blitz December 06 Early 2022"]
[White "Godzwon, Iwo"]
[Black "Raahul V S"]
[WhiteFideId "21802483"]
[BlackFideId "25035525"]
[WhiteElo "2284"]
[BlackElo "2202"]
[Result "0-1"]
[Round "06"]
[TimeControl "180+1"]
[Date "2022.12.07"]
[WhiteClock "0:00:04"]
[BlackClock "0:00:38"]

1. e4 e6 2. d4 d5 3. Nd2 Nf6 4. e5 Nfd7 5. Bd3 c5 6. c3 Nc6 7. Ne2 cxd4 8. cxd4 f6 9. exf6 Nxf6 10. O-O Bd6 11. Nf3 Qc7 12. Bg5 O-O 13. Qc2 h6 14. Bh4 Nh5 15. Bh7+ Kh8 16. Bg6 Rxf3 17. Bxh5 Rf5 18. Bg6 Bxh2+ 19. Kh1 Bd6 20. Bxf5 exf5 21. Rae1 Bd7 22. Qd2 f4 23. f3 Rf8 24. Nc3 Qa5 25. a3 Rf5 26. Bf2 Qd8 27. Kg1 Rg5 28. Bh4 Rxg2+ 29. Qxg2 Qxh4 30. Rd1 Bh3 31. Qh2 Qg5+ 32. Kh1 Bxf1 33. Rxf1 Nxd4 34. Ne2 Nf5 35. Rg1 Ng3+ 36. Nxg3 fxg3 37. Qh3 Qf4 38. Qc8+ Kh7 39. Qg4 Qe5 40. Rd1 Bc5 41. b4 Bb6 42. Kg2 Qe2+ 43. Kxg3 Qxd1 44. Qf5+ Kg8 45. Qe6+ Kf8 46. Qd6+ Kf7 47. Qd7+ Kf6 48. Qd6+ Kf5 49. Qd7+ Ke5 50. Qxg7+ Kd6 51. Qxh6+ Kc7 52. Qh7+ Kc6 53. Qf5 Qg1+ 54. Kf4 Be3+ 55. Ke5 Qg7+ 56. Ke6 Qd7+ 0-1


[Site "https://www.chess.com"]

[Event "Titled Tuesday Blitz December 06 Early 2022"]
[White "Grot, Blazej"]
[Black "Nambiar, Vivek"]
[WhiteFideId "21835845"]
[BlackFideId "5005329"]
[WhiteElo "1823"]
[BlackElo "2127"]
[Result "1-0"]
[Round "06"]
[TimeControl "180+1"]
[Date "2022.12.07"]
[WhiteClock "0:00:02"]
[BlackClock "0:00:01"]

1. e4 e6 2. d3 c5 3. Nd2 Nc6 4. Ngf3 g6 5. Be2 Bg7 6. c3 Nge7 7. O-O O-O 8. Qc2 d5 9. Re1 d4 10. Nf1 e5 11. h4 f5 12. exf5 gxf5 13. h5 Nd5 14. Bg5 Qe8 15. h6 Bf6 16. Qb3 Be6 17. Qxb7 Rb8 18. Qa6 Rb6 19. Qa4 Qg6 20. Bxf6 Rxf6 21. c4 Nf4 22. Ng3 e4 23. dxe4 fxe4 24. Nh4 Qxh6 25. Nxe4 Qxh4 26. Nxf6+ Qxf6 27. Bf3 Bd7 28. Qa3 Ne5 29. Qxa7 Nxf3+ 30. Kf1 Nxe1 31. Rxe1 Be6 32. b3 Bf7 33. Qa8+ Kg7 34. Qf3 Bh5 35. Qg3+ Kh6 36. Re4 Be2+ 37. Kg1 d3 38. Rxf4 Qa1+ 39. Kh2 Rg6 40. Rh4+ Kg7 41. Qc7+ Kg8 42. Qxh7+ Kf8 43. Rh6 Qe5+ 44. g3 Rxh6+ 45. Qxh6+ Qg7 46. Qd6+ Qe7 47. Qh6+ Kg8 48. Qg6+ Qg7 49. Qe8+ Kh7 50. Qe4+ Qg6 51. Qe7+ Kh6 52. Qe3+ Qg5 53. Qe6+ Kh5 54. Qh3+ Kg6 55. Qe6+ Qf6 56. Qe4+ Qf5 57. Qe8+ Kg5 58. Qg8+ Kf6 59. Qf8+ Ke5 60. Qxc5+ Ke4 61. Qc6+ Kd4 62. Qd6+ Kc3 63. Qa3 Qh5+ 64. Kg1 1-0


[Site "https://www.chess.com"]

[Event "Titled Tuesday Blitz December 06 Early 2022"]
[White "HSH1987"]
[Black "Rustemov, Alexander"]
[BlackFideId "4119002"]
[WhiteElo "2541"]
[BlackElo "2804"]
[Result "0-1"]
[Round "06"]
[TimeControl "180+1"]
[Date "2022.12.06"]
[WhiteClock "0:00:02"]
[BlackClock "0:00:06"]

1. Nf3 d5 2. g3 Nf6 3. Bg2 c6 4. O-O Bf5 5. d3 e6 6. c4 dxc4 7. dxc4 Qxd1 8. Rxd1 Bc2 9. Re1 Nbd7 10. Nc3 Bb4 11. Bd2 a5 12. b3 Ke7 13. Rec1 Bg6 14. a3 Bd6 15. Nh4 Nc5 16. Nxg6+ hxg6 17. Rab1 Rhd8 18. b4 axb4 19. axb4 Na4 20. Be1 Nd7 21. b5 Ne5 22. Ne4 Rac8 23. bxc6 bxc6 24. Rb7+ Kf8 25. Nxd6 Rxd6 26. Ra1 Nc5 27. Rba7 Ncd7 28. Rb1 c5 29. Rbb7 Rd1 30. Kf1 Ke8 31. f4 Nxc4 32. Kf2 f5 33. Bc3 Nd6 34. Rb2 Nf6 35. Bxf6 gxf6 36. Rg7 c4 37. Ra2 c3 38. Raa7 Kf8 39. Rgc7 Rxc7 40. Rxc7 Rc1 0-1


[Site "https://www.chess.com"]

[Event "Titled Tuesday Blitz December 06 Early 2022"]
[White "Han, Yichen"]
[Black "Manon-og, Ramon Jr."]
[WhiteFideId "1054430"]
[BlackFideId "5200776"]
[WhiteElo "2323"]
[BlackElo "2362"]
[Result "1-0"]
[Round "06"]
[TimeControl "180+1"]
[Date "2022.12.07"]
[WhiteClock "0:01:36"]
[BlackClock "0:02:23"]

1. d4 Nf6 2. c4 g6 3. Nc3 d5 4. cxd5 Nxd5 5. Bd2 Bg7 6. e4 Nxc3 7. Bxc3 c5 8. d5 Bxc3+ 9. bxc3 Qa5 10. Qd2 O-O 11. h4 e6 12. h5 exd5 13. hxg6 fxg6 14. Qxd5+ Kg7 15. Qe5+ Rf6 16. Qe7+ Rf7 17. Rxh7+ Kxh7 18. Qxf7+ Kh6 19. Qf6 Nd7 20. Qh8+ Kg5 21. Nh3+ Kg4 22. Be2# 1-0


[Site "https://www.chess.com"]

[Event "Titled Tuesday Blitz December 06 Early 2022"]
[White "Hansen, Eric"]
[Black "Pajeken, Jakob Leon"]
[WhiteFideId "2606771"]
[BlackFideId "12942839"]
[WhiteElo "2568"]
[BlackElo "2414"]
[Result "1/2-1/2"]
[Round "06"]
[TimeControl "180+1"]
[Date "2022.12.07"]
[WhiteClock "0:00:04"]
[BlackClock "0:00:06"]

1. c4 e6 2. Nf3 d5 3. d4 dxc4 4. e3 Nf6 5. Bxc4 c5 6. O-O Nc6 7. Qe2 a6 8. Rd1 b5 9. dxc5 Qc7 10. Bd3 Nb4 11. a3 Nxd3 12. Qxd3 Bxc5 13. b4 Be7 14. Bb2 O-O 15. Nbd2 Rd8 16. Qb3 Bb7 17. Rac1 Qb8 18. Be5 Bd6 19. Qb2 Bxe5 20. Nxe5 Qd6 21. f3 h6 22. Rc2 Qb6 23. Re1 Nd5 24. Rc5 a5 25. e4 axb4 26. axb4 Ra2 27. Qc1 Nxb4 28. Nb3 Na6 29. Kh1 Nxc5 30. Nxc5 Bc8 31. Nb3 Qf2 32. Rg1 Qc2 33. Qe3 Ra3 34. Qb6 Rf8 35. Nd4 Qc3 36. Nec6 Ra1 37. h3 Rxg1+ 38. Kxg1 e5 39. Nxb5 Qc1+ 40. Kh2 Bd7 41. Ne7+ Kh8 42. Nd6 Be6 43. Nc6 Ra8 44. Nb5 Qf4+ 45. Kg1 Ra1+ 46. Kf2 Qd2+ 47. Kg3 Qe1+ 48. Kh2 Qh1+ 49. Kg3 Qe1+ 50. Kh2 Ra2 51. Qd8+ Kh7 52. Ne7 f6 53. Qe8 Rxg2+ 54. Kxg2 Qe2+ 55. Kg3 Qe1+ 56. Kg2 Qe2+ 57. Kg3 Qe1+ 58. Kg2 1/2-1/2


[Site "https://www.chess.com"]

[Event "Titled Tuesday Blitz December 06 Early 2022"]
[White "Hirneise, Jens"]
[Black "Albertini, Luca"]
[WhiteFideId "24614734"]
[BlackFideId "847038"]
[WhiteElo "2345"]
[BlackElo "2207"]
[Result "1-0"]
[Round "06"]
[TimeControl "180+1"]
[Date "2022.12.07"]
[WhiteClock "0:00:27"]
[BlackClock "0:00:20"]

1. Nf3 d5 2. c4 d4 3. e3 c5 4. b4 Nc6 5. b5 Nb8 6. exd4 cxd4 7. Bb2 Bg4 8. h3 Bh5 9. g4 Bg6 10. Bxd4 f6 11. Be3 e5 12. Be2 h5 13. Nh4 Be4 14. f3 hxg4 15. hxg4 Bd3 16. Kf2 Ne7 17. Nc3 f5 18. Nxf5 Rxh1 19. Qxh1 Nxf5 20. Qh5+ Kd7 21. Bxd3 Nxe3 22. dxe3 b6 23. Be4 Kc7 24. Qf7+ 1-0


[Site "https://www.chess.com"]

[Event "Titled Tuesday Blitz December 06 Early 2022"]
[White "Holt, Conrad"]
[Black "Andreikin, Dmitry"]
[WhiteFideId "2034387"]
[BlackFideId "4158814"]
[WhiteElo "2592"]
[BlackElo "2735"]
[Result "1-0"]
[Round "06"]
[TimeControl "180+1"]
[Date "2022.12.06"]
[WhiteClock "0:00:03"]
[BlackClock "0:00:02"]

1. d4 Nf6 2. c4 e6 3. Nc3 Bb4 4. Qc2 O-O 5. e4 d5 6. e5 Ne4 7. Bd3 c5 8. Nf3 cxd4 9. Nxd4 f5 10. exf6 Nxf6 11. cxd5 exd5 12. O-O Nc6 13. Nce2 Nxd4 14. Nxd4 Bd6 15. h3 Qe8 16. Nb5 Be5 17. Re1 Bh2+ 18. Kf1 Qh5 19. Be3 Bd7 20. Nd4 Rac8 21. Qd1 Qf7 22. Nf3 Bb8 23. Ng5 Qe7 24. Bd4 Qd6 25. Be5 Qb6 26. Bxb8 Ng4 27. Kg1 Rxf2 28. Kh1 Rxg2 29. hxg4 Rxg4 30. Bxh7+ Kh8 31. Qe2 Rxg5 32. Qh2 Bg4 33. Bg6+ Kg8 34. Qh7+ Kf8 35. Qh8# 1-0


[Site "https://www.chess.com"]

[Event "Titled Tuesday Blitz December 06 Early 2022"]
[White "Hristodoulou, Panagiotis"]
[Black "Dardha, Daniel"]
[WhiteFideId "4214340"]
[BlackFideId "240990"]
[WhiteElo "2272"]
[BlackElo "2528"]
[Result "0-1"]
[Round "06"]
[TimeControl "180+1"]
[Date "2022.12.06"]
[WhiteClock "0:00:01"]
[BlackClock "0:01:09"]

1. e4 e5 2. Nf3 Nc6 3. Bc4 Bc5 4. O-O Nf6 5. d3 h6 6. c3 d6 7. a4 a5 8. Nbd2 Ba7 9. Re1 g5 10. Bb5 g4 11. Nh4 Bd7 12. Nf5 Bxf5 13. exf5 h5 14. Ne4 Nxe4 15. dxe4 Qh4 16. Be3 Bxe3 17. Rxe3 Kf8 18. Qd5 Nd8 19. Bc4 Qf6 20. Rd1 h4 21. Qd2 Nc6 22. Bd5 Kg7 23. Qe2 Qg5 24. Qb5 Rab8 25. Bxc6 bxc6 26. Qxc6 Rxb2 27. Qxc7 Qf4 28. Rf1 Rxf2 29. Rxf2 Qxe3 30. Qxd6 g3 31. Qxe5+ Kh7 32. hxg3 hxg3 0-1


[Site "https://www.chess.com"]